Map: Disco Bloodbath LE

Players

Overmind

  • Race: Terran Terran
  • League: Gold
  • Spawn Location: 9:00

pHARM - Winner!

  • Race: Zerg Zerg
  • League: Platinum
  • Spawn Location: 3:00

VOD

Have the link to the VOD?

Description

Time

  • Played on: Aug. 25, 2019, 7:52 a.m.
  • Length: 22:13
Show
View Real Time Build Order
Export as new Build Order

Overmind Terran 

Build Orders:  

Get SALT Encoding   

  12  0:01  SCV  
  13  0:13  SCV  
  14  0:20  Supply Depot  
  14  0:25  SCV  
  15  0:33  Refinery  
  15  0:42  SCV  
  16  0:46  Barracks  
  16  0:54  SCV  
  17  1:06  SCV  
  17  1:09  Refinery  
  18  1:18  SCV  
  19  1:30  SCV  
  20  1:35  Supply Depot  
  20  1:36  Reaper  
  21  1:42  SCV  
  22  1:58  Orbital Command  
  22  2:04  Factory  
  22  2:10  Bunker  
  22  2:21  Marine  
  23  2:26  SCV  
  24  2:40  Command Center  
  24  2:41  SCV  
  25  2:53  SCV  
  26  3:00  Marine  
  26  3:05  Factory Tech Lab  
  27  3:13  SCV  
  27  3:15  Supply Depot  
  27  3:18  Marine  
  29  3:25  SCV  
  30  3:36  Marine, Widow Mine  
  30  3:37  SCV, Supply Depot  
  34  3:58  Siege Tank  
  34  4:01  Supply Depot  
  37  4:23  Supply Depot, Orbital Command  
  37  4:25  SCV  
  37  4:28  Bunker  
  38  4:37  SCV  
  39  4:45  Supply Depot  
  39  4:49  Siege Tank, SCV  
  43  4:57  Barracks  
  43  4:59  Barracks  
  43  5:01  SCV  
  43  5:02  Engineering Bay  
  43  5:04  Engineering Bay  
  44  5:12  SCV  
  44  5:13  SCV  
  46  5:24  SCV  
  46  5:25  SCV, Barracks Tech Lab  
  46  5:27  Refinery  
  48  5:31  Siege Tank  
  51  5:36  SCV  
  51  5:38  SCV  
  53  5:48  SCV, Barracks Tech Lab  
  53  5:49  Barracks Reactor  
  54  5:50  SCV, Stimpack  
  55  6:00  SCV  
  55  6:02  SCV  
  56  6:23  Missile Turret  
  56  6:25  Missile Turret  
  56  6:26  Missile Turret  
  56  6:31  Combat Shield  
  56  6:35  Marine, Marauder x2  
  56  6:37  Command Center  
  61  6:47  Missile Turret  
  61  6:49  Missile Turret  
  61  6:50  Refinery  
  61  6:54  Starport  
  55  7:18  SCV  
  55  7:20  Marauder x2  
  60  7:29  Marine x2  
  62  7:30  SCV  
  63  7:41  Marauder  
  63  7:42  SCV, Marauder  
  68  7:46  Starport Reactor  
  68  7:47  Marine  
  68  7:48  Engineering Bay  
  68  7:50  Concussive Shells  
  69  7:52  Marine  
  69  7:54  SCV, Engineering Bay  
  71  7:59  Orbital Command  
  71  8:03  Marauder x2  
  71  8:04  Siege Tank  
  71  8:05  Marine  
  79  8:06  SCV  
  79  8:10  Marine  
  81  8:22  Terran Infantry Armor Level 1  
  81  8:23  Marine, Terran Infantry Weapons Level 1  
  81  8:24  Marauder x2  
  81  8:25  Medivac x2  
  90  8:27  Marine  
  91  8:40  Marine  
  92  8:45  Marine, Marauder  
  92  8:46  Marauder  
  97  8:51  Orbital Command  
  97  8:55  Medivac x2, Supply Depot x2  
  99  8:59  Supply Depot  
  101  9:16  Marine, Siege Tank  
  101  9:17  Marine, Marauder x2  
  109  9:19  Supply Depot  
  109  9:20  Supply Depot  
  110  9:25  Medivac x2  
  110  9:29  SCV x3  
  117  9:34  Marine x2  
  117  9:37  Marine  
  117  9:38  Marauder  
  122  9:41  SCV x3  
  125  9:52  Marine x2  
  126  9:53  SCV x3  
  126  9:55  Medivac x2  
  126  9:56  Marauder, Refinery  
  126  9:59  Marauder, Refinery  
  138  10:09  Marine  
  138  10:10  Marine  
  140  10:17  Marine  
  141  10:24  Armory  
  141  10:27  Supply Depot  
  141  10:29  Supply Depot  
  141  10:30  Supply Depot  
  141  10:40  Marauder  
  141  10:47  Marine, Medivac  
  141  10:48  Marine x2  
  89  11:02  Marauder  
  84  11:06  Marine x2, Marauder  
  74  11:22  Barracks  
  74  11:23  Marauder  
  74  11:24  Marine x2  
  74  11:25  Barracks  
  78  11:26  Barracks  
  78  11:27  Marauder  
  72  11:41  SCV x3  
  72  11:42  Marine x2  
  72  11:44  Marauder  
  79  11:49  Marauder  
  79  11:50  Terran Vehicle Weapons Level 1  
  79  11:52  Siege Tank  
  79  11:53  SCV  
  79  11:54  SCV x2  
  87  11:59  Marine x2  
  89  12:05  SCV  
  89  12:06  Terran Infantry Armor Level 2, SCV x2, Marauder  
  94  12:10  Marauder  
  94  12:11  Terran Infantry Weapons Level 2  
  94  12:14  Barracks Tech Lab x2  
  96  12:16  Barracks Tech Lab  
  96  12:17  Marine x2, SCV  
  96  12:18  SCV x2  
  101  12:24  Siege Tank  
  101  12:27  Marauder  
  106  12:31  Marauder  
  106  12:33  Marauder x2  
  106  12:35  Marine x2  
  114  12:41  Marauder  
  116  12:48  Marauder  
  118  12:53  Marine x2, Marauder  
  118  12:54  Marauder x2  
  118  12:56  Siege Tank  
  129  13:02  Medivac x2  
  129  13:03  Marauder  
  135  13:10  Marauder  
  135  13:11  Marine x2  
  139  13:14  Marauder  
  139  13:15  Marine x2  
  143  13:24  Marauder  
  145  13:28  Marine x2, Siege Tank  
  145  13:31  Marauder  
  145  13:32  Medivac x2  
  145  13:33  Marine  
  145  13:34  Marauder  
  159  13:36  Marauder  
  161  13:45  Marine  
  161  13:46  Marine x2  
  164  13:56  Marine  
  165  14:13  Supply Depot  
  165  14:15  Supply Depot  
  165  14:16  Supply Depot x2  
  165  14:30  Marine x2, Marauder  
  165  14:34  Marine  
  165  14:35  Marauder x3  
  172  14:41  Supply Depot  
  172  14:43  Supply Depot  
  172  14:44  Supply Depot  
  143  14:48  Marine x2  
  143  14:51  Marauder  
  114  14:53  Marauder  
  114  14:56  Marauder x3  
  110  15:06  Marine x2  
  101  15:09  Viking x2  
  101  15:12  Marauder  
  101  15:13  Terran Infantry Weapons Level 3  
  107  15:14  Marauder  
  107  15:18  Marauder x3  
  103  15:24  Marine x2  
  105  15:34  Marauder  
  105  15:35  Marine  
  108  15:39  Marine, Marauder x2, Viking x2  
  108  15:42  Marine x2  
  119  15:43  Starport x2  
  119  15:45  Starport  
  119  15:53  Marine  
  119  15:55  Marine  
  119  15:56  Marine  
  118  15:59  Marine x2  
  118  16:00  Marine x2  
  122  16:09  Viking x2  
  122  16:11  Marine  
  124  16:12  Marine  
  124  16:14  Marine  
  124  16:17  Marine x2  
  124  16:18  Marine, Marauder  
  130  16:28  Marine  
  130  16:30  Marine  
  130  16:32  Marine  
  123  16:35  Marine x2  
  123  16:36  Marine  
  123  16:39  Marine, Starport Reactor, Viking x2  
  124  16:46  Marine  
  119  16:48  Marine  
  119  16:50  Marine  
  119  16:51  Starport Reactor  
  119  16:53  Marine x3  
  119  16:57  Marine  
  118  17:04  Marine  
  118  17:06  Marine  
  118  17:08  Marine  
  112  17:09  Viking x2  
  112  17:11  Marine x2  
  112  17:12  Viking  
  112  17:15  Marine  
  45  17:38  Viking  
  45  17:39  Viking  
  45  17:42  Viking  
  45  18:08  Viking  
  45  18:09  Viking  
  45  18:12  Viking  
  45  18:38  Viking  
  45  18:39  Viking  
  45  18:42  Viking  
  45  19:12  Viking  
Show
View Real Time Build Order
Export as new Build Order

pHARM Zerg - Winner!

Build Orders: Hatch First, Brood Lord Corruptor 

Get SALT Encoding   

  12  0:01  Drone  
  13  0:13  Overlord  
  13  0:29  Drone  
  13  0:31  Drone x2  
  16  0:43  Drone  
  17  1:01  Hatchery  
  16  1:07  Drone x2  
  18  1:18  Drone  
  19  1:21  Spawning Pool  
  19  1:24  Drone  
  19  1:36  Drone  
  20  1:41  Extractor  
  19  1:50  Drone  
  20  2:02  Overlord  
  20  2:09  Queen  
  20  2:13  Queen  
  24  2:19  Drone  
  24  2:20  Drone x2  
  27  2:38  Drone  
  27  2:39  Drone x2  
  30  2:47  Lair  
  29  2:53  Drone x3  
  32  3:03  Drone x2  
  34  3:07  Overlord  
  34  3:16  Drone  
  35  3:21  Overlord x2  
  35  3:25  Queen  
  37  3:35  Evolution Chamber  
  37  3:38  Roach Warren  
  37  3:39  Drone, Evolution Chamber  
  37  3:40  Drone x6  
  41  3:56  Drone  
  41  3:57  Drone x5, Extractor x2  
  41  4:01  Zerg Missile Weapons Level 1  
  45  4:11  Hydralisk Den  
  44  4:19  Overseer  
  44  4:30  Drone x2  
  47  4:31  Drone  
  47  4:47  Spore Crawler  
  47  4:49  Spore Crawler  
  47  4:50  Spore Crawler  
  44  4:52  Spore Crawler  
  44  4:53  Spore Crawler  
  44  4:55  Spore Crawler  
  44  4:56  Drone  
  44  4:57  Spore Crawler, Drone x2  
  43  5:02  Drone x4  
  43  5:05  Grooved Spines  
  43  5:06  Hydralisk x2  
  51  5:09  Overlord  
  51  5:10  Overlord  
  51  5:15  Drone  
  51  5:16  Nydus Network  
  51  5:41  Hydralisk x5  
  61  5:48  Hatchery  
  60  6:03  Hydralisk x3  
  66  6:30  Baneling Nest  
  65  6:35  Nydus Canal  
  63  7:19  Centrifical Hooks  
  63  7:21  Zergling x22  
  63  7:22  Overlord x4  
  74  7:23  Overlord x3  
  74  7:40  Metabolic Boost  
  74  7:44  Muscular Augments  
  74  7:47  Baneling  
  74  7:48  Baneling x11  
  74  7:50  Zergling x4  
  74  7:51  Zergling x14  
  83  8:27  Extractor  
  83  8:31  Infestation Pit  
  81  8:40  Drone x15  
  81  8:41  Drone x3  
  99  8:45  Zerg Melee Weapons Level 1  
  99  8:46  Zerg Ground Armor Level 1  
  99  8:59  Overlord x2  
  99  9:03  Extractor x2  
  99  9:06  Spine Crawler, Drone  
  99  9:07  Spine Crawler, Drone x7  
  99  9:08  Spore Crawler  
  102  9:23  Hatchery  
  101  9:38  Hive  
  101  9:40  Spire  
  100  10:14  Hydralisk x7  
  100  10:15  Hydralisk x6  
  126  10:29  Zergling x10  
  126  10:31  Baneling x8  
  126  10:32  Zergling x2, Baneling x2  
  126  10:33  Zergling x2  
  130  10:43  Zergling x10  
  119  10:56  Zergling x2  
  89  10:57  Zergling x18  
  74  11:25  Extractor  
  73  11:26  Drone x16  
  89  11:37  Spine Crawler  
  89  11:38  Spore Crawler x2  
  84  11:40  Spine Crawler  
  82  12:03  Zergling x26  
  95  12:11  Greater Spire  
  95  12:22  Ultralisk Cavern  
  95  12:26  Zergling x16  
  95  12:29  Baneling  
  102  12:30  Baneling x17  
  102  13:07  Corruptor x12  
  102  13:08  Corruptor x2  
  102  13:11  Chitinous Plating  
  130  13:16  Zergling x18  
  130  13:17  Zergling x4  
  141  13:30  Zerg Flyer Armor Level 1  
  138  14:00  Brood Lord  
  138  14:01  Brood Lord x6  
  150  14:04  Zergling x2, Baneling x7  
  150  14:05  Overlord  
  150  14:06  Overlord x6  
  151  14:13  Overlord  
  151  14:14  Overlord x6  
  151  14:23  Queen x4  
  117  15:02  Corruptor  
  117  15:03  Corruptor x8  
  133  15:28  Zergling x38  
  142  15:29  Zergling x10  
  157  16:00  Corruptor  
  157  16:01  Corruptor x6  
  171  16:12  Baneling x9  
  171  16:17  Hatchery  
  151  16:36  Baneling x14  
  151  16:37  Zergling x24  
  136  17:30  Zergling x2  
  136  20:07  Anabolic Synthesis  
  136  20:51  Hatchery  
  136  20:52  Ultralisk  
  136  20:53  Ultralisk x10  
  136  20:56  Extractor  
  136  20:59  Extractor  
Tags
 
Matchup
TvZ
Replay Pack
10.7.19
Spawn Locations
Cross Positions
Add a new tag
Caveats
  • Supply blocks, unpowered buildings, or Contaminate may cause inaccurate times.
  • Supply counts are checked every 10 seconds.